 Dungeon Crawl Stone Soup version 0.17.0-23-g0de4337 (webtiles) character file.

60 McCoppin the Skirmisher (level 4, 0/46 HPs)
             Began as an Ogre Enchanter on Nov 14, 2015.
             Slain by a wight
             ... wielding a cursed +2 falchion
              (2 damage)
             ... on level 3 of the Dungeon.
             The game lasted 00:06:06 (2722 turns).

McCoppin the Skirmisher (Ogre Enchanter)            Turns: 2722, Time: 00:06:06

Health: 0/46       AC:  4    Str: 14    XL:     4   Next: 6%
Magic:  7/7        EV: 14    Int: 19    God:
Gold:   164        SH:  0    Dex: 15    Spells: 1 memorised, 6 levels left

rFire  . . .     SeeInvis .     h - +0 club
rCold  . . .     Clarity  .     b - +1 robe
rNeg   . . .     SustAt   .     (no shield)
rPois  .         Gourm    .     (helmet restricted)
rElec  .         Spirit   .     (no cloak)
rCorr  .         Warding  .     (gloves unavailable)
rMut   .         Stasis   .     (boots unavailable)
MR     .....                    (no amulet)
Stlth  +++.......               (no ring)
                                (no ring)

@: brilliant, agile, drained, not resistant to hostile enchantments, fairly
stealthy
A: unfitting armour, tough skin 1
a: no special abilities


You were on level 3 of the Dungeon.
You were hungry.

You visited 1 branch of the dungeon, and saw 3 of its levels.

You collected 164 gold pieces.

Inventory:

Hand Weapons
 a - a +1 dagger
 h - a +0 club (weapon)
Armour
 b - a +1 robe (worn)
Scrolls
 e - a scroll of identify
 f - a scroll of enchant armour {unknown}
 k - a scroll of teleportation {unknown}
 o - a scroll of remove curse {unknown}
Potions
 m - a potion of lignification {unknown}
Books
 c - a book of Maledictions

   Spells                             Type                      Level
   a - Corona                         Hexes                        1
   b - Ensorcelled Hibernation        Hexes/Ice                    2
   c - Confuse                        Hexes                        3
   d - Tukima's Dance                 Hexes                        3
   e - Dazzling Spray                 Conjuration/Hexes            3
Comestibles
 d - 3 bread rations
 i - a slice of pizza
 j - 2 beef jerkies


   Skills:
 + Level 3.6(2.6) Fighting
 - Level 0.5(0.0) Short Blades
 + Level 2.6(1.7) Maces & Flails
 - Level 1.7(0.9) Dodging
 - Level 2.4(1.5) Stealth
 - Level 2.4(1.5) Spellcasting
 - Level 2.1(1.3) Hexes


You had 6 spell levels left.
You knew the following spells:

 Your Spells              Type           Power        Failure   Level  Hunger
a - Corona                Hex            ###....      1%          1    ##.....


Dungeon Overview and Level Annotations

Branches:
Dungeon (3/15)

Altars:


Innate Abilities, Weirdness & Mutations

You are too large for most types of armour.
You have tough skin (AC +1).


Message History

* * * LOW HITPOINT WARNING * * *
You feel drained.
* * * LOW HITPOINT WARNING * * *
The orc barely misses you.
Drink which item? (? for menu, Esc to quit)
You feel better. The wight barely misses you.
The orc hits you but does no damage.
Drink which item? (? for menu, Esc to quit)
It was a potion of agility.
You feel agile all of a sudden.
The wight hits you with an enchanted falchion.
* * * LOW HITPOINT WARNING * * *
The orc closely misses you.
Drink which item? (? for menu, Esc to quit)
It was a potion of brilliance.
You feel clever all of a sudden.
The wight hits you with an enchanted falchion.
* * * LOW HITPOINT WARNING * * *
You feel drained.
You die...

#.. #..
###.?##
.....# #...#
#...#
#...#########
#..So@z......
#.#.#########
#.... ######


You could see a wight, an adder and an orc.

Vanquished Creatures
  An adder (D:2)
  2 giant geckos (D:1)
  8 bats
  3 giant cockroaches
  9 goblins
  5 hobgoblins
  6 jackals
  A ball python (D:1)
  5 giant newts
  4 kobolds
  3 rats (D:2)
47 creatures vanquished.

Notes
Turn   | Place    | Note
--------------------------------------------------------------
     0 | D:1      | McCoppin the Ogre Enchanter began the quest for the Orb.
     0 | D:1      | Reached XP level 1. HP: 16/16 MP: 3/3
   125 | D:1      | Reached skill level 1 in Fighting
   363 | D:1      | Reached XP level 2. HP: 15/28 MP: 5/5
   634 | D:1      | Reached skill level 1 in Maces & Flails
  1002 | D:1      | Reached XP level 3. HP: 32/36 MP: 6/6
  1263 | D:1      | Reached skill level 3 in Fighting
  2426 | D:2      | Reached XP level 4. HP: 43/45 MP: 7/7
  2722 | D:3      | HP: 2/46 [wight/enchanted falchion (6)]
  2722 | D:3      | Slain by a wight

Action                   |  1- 3 |  4- 6 || total
-------------------------+-------+-------++-------
Melee: Dagger            |    92 |       ||    92
       Club              |   131 |    41 ||   172
  Use: Scroll            |     1 |       ||     1
       Potion            |       |     4 ||     4
 Stab: Sleeping          |     5 |       ||     5
       Distracted        |     1 |       ||     1
  Eat: Bread ration      |     1 |       ||     1
       Chunk             |     1 |       ||     1
